 Dungeon Crawl Stone Soup version 0.28.0 (webtiles) character file.

Game seed: 6641564935026459057

507 a3don the Chiller (level 6, -4/51 HPs)
             Began as a Draconian Ice Elementalist on Feb 14, 2022.
             Slain by Pikel (7 damage)
             ... on level 4 of the Dungeon.
             The game lasted 00:07:40 (5099 turns).

a3don the Chiller (Draconian Ice Elementalist)      Turns: 5099, Time: 00:07:41

Health: -4/51      AC:  6    Str: 16    XL:     6   Next: 97%
Magic:  6/11       EV: 12    Int: 18    God:
Gold:   172        SH:  0    Dex: 11    Spells: 8/12 levels left

rFire   . . .      SeeInvis .   r - +1 flail (venom)
rCold   . . .      Faith    .   (no shield)
rNeg    . . .      Spirit   .   (armour unavailable)
rPois   .          Reflect  .   (helmet restricted)
rElec   .          Harm     .   (no cloak)
rCorr   .          Rampage  .   (no gloves)
Will    .....                   (no boots)
Stlth   ++........              (no amulet)
HPRegen 0.17/turn               p - +6 ring of strength
MPRegen 0.12/turn               v - ring of flight

@: brilliant, freezing walls, flying
A: AC +6, unfitting armour, cold-blooded
a: no special abilities


You were on level 4 of the Dungeon.
You visited 1 branch of the dungeon, and saw 5 of its levels.

You collected 172 gold pieces.

Inventory:

Hand Weapons
 b - a +0 whip
 e - a +0 short sword
 r - a +1 flail of venom (weapon)
Missiles
 d - 4 curare-tipped darts
 f - 92 stones
 h - 7 poisoned darts
 q - 3 boomerangs
Jewellery
 p - a +6 ring of strength (left hand)
 v - a ring of flight (right hand)
Scrolls
 a - 2 scrolls of fog
 c - a scroll of vulnerability {unknown}
 g - 3 scrolls of teleportation
 i - 2 scrolls of torment
 m - 2 scrolls of enchant weapon {unknown}
 n - 2 scrolls of immolation {unknown}
 u - a scroll of fear {unknown}
Potions
 j - a potion of degeneration {unknown}
 k - a potion of heal wounds {unknown}
 o - a potion of might
 s - a potion of haste
 w - a potion of lignification {unknown}
 x - a potion of berserk rage {unknown}


   Skills:
 + Level 3.2 Fighting
 + Level 3.4 Dodging
 + Level 3.6 Stealth
 + Level 3.5 Spellcasting
 + Level 5.2 Ice Magic


You had 8 spell levels left.
You knew the following spells:

 Your Spells              Type           Power      Damage    Failure   Level
a - Freeze                Ice            100%       1d11      1%          1
b - Frozen Ramparts       Ice            64%        1d8       5%          3

Your spell library contained the following spells:

 Spells                   Type           Power      Damage    Failure   Level
 Ozocubu's Armour         Ice            32%        N/A       5%          3
 Hailstorm                Conj/Ice       18%        3d6       47%         4


Dungeon Overview and Level Annotations

Branches:
Dungeon (5/15)
 Temple: D:4-7

Altars:
Cheibriados
Dithmenos
Hepliaklqana
Makhleb

Annotations:
D:4 Pikel


Innate Abilities, Weirdness & Mutations

Your plain brown scales are hard. (AC +6)
You cannot fit into any form of body armour.
You are cold-blooded and may be slowed by cold attacks.


Message History

Deactivating autopickup; reactivate with Ctrl-A.
You miss something. The lemure hits you. Something hits you.
You feel yourself slow down. Something freezes you. The lemure hits you.
You feel yourself speed up.
Casting: Frozen Ramparts (dangerous; 5% risk of failure)
Confirm with . or Enter, or press ? or * to list all spells.
Casting: Frozen Ramparts (dangerous; 5% risk of failure)
Press: ? - help, Dir - look around, f - activate The walls around you are covered in ice.
The wall freezes something.
Something hits you. Something freezes you.
The wall freezes the lemure.
The lemure hits you but does no damage.
You sock the lemure!
Your tail-slap misses the lemure.
The lemure is heavily wounded.
The wall freezes something.
Something hits you but does no damage.
The wall freezes the lemure.
The lemure hits you but does no damage.
The wall freezes something.
Something hits you. Something freezes you.
Casting: Frozen Ramparts (dangerous; 5% risk of failure)
Confirm with . or Enter, or press ? or * to list all spells.
Aiming: Freeze (safe; 1% risk of failure)
Press: ? - help, Shift-Dir - straight line You freeze something!
The wall freezes the lemure.
The lemure hits you.
* * * LOW HITPOINT WARNING * * *
The wall freezes something.
Something hits you.
* * * LOW HITPOINT WARNING * * *
You feel yourself slow down. Something freezes you.
* * * LOW HITPOINT WARNING * * *
Casting: Freeze (safe; 1% risk of failure)
Confirm with . or Enter, or press ? or * to list all spells.
Aiming: Freeze (safe; 1% risk of failure)
Press: ? - help, Shift-Dir - straight line You freeze something.
The wall freezes the lemure.
The lemure misses you.
The wall freezes something.
Something hits you.
* * * LOW HITPOINT WARNING * * *
Something freezes you.
* * * LOW HITPOINT WARNING * * *
The wall freezes the lemure.
The lemure hits you but does no damage.
It was a potion of brilliance.
You feel clever all of a sudden.
You feel yourself speed up.
The wall freezes something.
Something hits you!
You die...

...........#.........#.#.........
...........#....#....#.#.........
....##.#...#....#................
....##.#...#.........#.##........
....##.#...#.........#...........
....#......#.........###.........
...........#.....................
...#......[.....#5...###.....####
...#.#'#........@{...#.'.........
...#.#.##.....####...#.#.........
.....#.##....######....#.........
.....#.#####........>............
.....#...........................
.....#...........................
....................####.........
....................#............
.##.................#............


You could see a lemure.

Vanquished Creatures
  Menkaure (D:4)
  An ogre (D:4)
  2 lemures (D:4)
  2 scorpions (D:4)
  2 orc wizards
  4 adders
  4 adder skeletons
  A worm (D:2)
  A dart slug (D:2)
  12 orcs
  3 ball pythons
  4 endoplasms
  4 giant cockroaches
  2 goblins
  6 hobgoblins
  4 jackals (D:3)
  7 quokkas
  3 bats
  3 frilled lizards
  5 kobolds
  7 rats
78 creatures vanquished.

Notes
Turn   | Place    | Note
-------+----------+-------------------------------------------
     0 | D:1      | a3don the Draconian Ice Elementalist began the quest for
                  | the Orb.
     0 | D:1      | Reached XP level 1. HP: 14/14 MP: 3/3
   370 | D:1      | Reached XP level 2. HP: 8/20 MP: 0/5
  1335 | D:2      | Reached XP level 3. HP: 25/27 MP: 0/6
  1421 | D:2      | Learned a level 3 spell: Frozen Ramparts
  1450 | D:2      | Reached skill level 1 in Fighting
  2368 | D:3      | Reached XP level 4. HP: 35/35 MP: 3/7
  3180 | D:3      | Found a snail-covered altar of Cheibriados.
  3180 | D:3      | Found a burning altar of Makhleb.
  3343 | D:4      | Noticed an ogre
  3357 | D:4      | Killed an ogre
  3358 | D:4      | Reached XP level 5. HP: 28/41 MP: 0/9
  3799 | D:4      | Noticed Menkaure
  3808 | D:4      | Killed Menkaure
  3809 | D:4      | Reached skill level 5 in Ice Magic
  3809 | D:4      | Reached XP level 6. HP: 22/50 MP: 6/10
  4307 | D:4      | Found a hazy altar of Hepliaklqana.
  4372 | D:4      | Found a shadowy altar of Dithmenos.
  4693 | D:5      | Entered Level 5 of the Dungeon
  4693 | D:5      | Noticed Pikel
  5099 | D:4      | Slain by Pikel

Illustrated notes

Levels and vault maps discovered:
D:1:      minmay_arrival_wavy_path, layout_basic, minmay_misc_feat_iff
D:2:      minmay_inner_zag, layout_basic
D:3:      layout_loops_corners, amethyst_overflow_temple_binary
D:4:      layout_basic, grunt_dithmenos_smoke, marbit_many_paths,
          guppyfry_early_lair_pool, uniq_menkaure
D:5:      layout_rooms, ashenzari_conservatory_becter, kennysheep_mini_moat,
          portal_sewer_entry_d, uniq_pikel

Skill      XL: |  1  2  3  4  5  6 |
---------------+-------------------+-----
Stealth        | 2 3 |  3.6
Dodging        | 2 3 |  3.4
Fighting       | 1 2 3 |  3.2
Spellcasting   | 3 |  3.5
Ice Magic      | 5 |  5.2

Action                   |  1- 3 |  4- 6 || total
-------------------------+-------+-------++-------
Melee: Whip              |     7 |       ||     7
       Unarmed           |     3 |       ||     3
       Tailslap          |     5 |     9 ||    14
       Short sword       |    42 |     4 ||    46
       Flail             |       |    59 ||    59
 Cast: Freeze            |    39 |     9 ||    48
       Frozen Ramparts   |     2 |    10 ||    12
  Use: Scroll            |       |     5 ||     5
       Potion            |       |     2 ||     2
 Stab: Sleeping          |     4 |     5 ||     9
Armor: Skin              |    15 |    23 ||    38
Dodge: Dodged            |    47 |    40 ||    87
